 Dungeon Crawl Stone Soup version 0.24-a0-246-gb963c9a (webtiles) character file.

Game seed: 5949696964793303127

56 Borgoz the Cutter (level 4, -3/29 HPs)
             Began as a Kobold Berserker on Apr 12, 2019.
             Was a Follower of Trog.
             Hit by a javelin thrown by a gnoll (11 damage)
             ... on level 2 of the Dungeon.
             The game lasted 00:03:14 (1427 turns).

Borgoz the Cutter (Kobold Berserker)                Turns: 1427, Time: 00:03:15

Health: -3/29      AC:  2    Str: 18    XL:     4   Next: 17%
Magic:  4/4        EV: 15    Int:  8    God:    Trog [*.....]
Gold:   35         SH:  0    Dex: 14    Spells: 3/3 levels left

rFire    . . .     SeeInvis .   l - +3 dagger
rCold    . . .     Gourm    .   (shield restricted)
rNeg     . . .     Faith    .   b - +0 animal skin
rPois    .         Spirit   .   (no helmet)
rElec    .         Reflect  .   (no cloak)
rCorr    .         Harm     .   (no gloves)
MR       .....                  (no boots)
Stlth    ++........             h - amulet of rage
HPRegen  0.09/turn              i - +3 ring of strength
MPRegen  0.09/turn              (no ring)

@: lethally poisoned (-3 -> -7), berserk cooldown, slowed, very slow
A: small, carnivore
a: Berserk, Renounce Religion, Evoke Berserk Rage


You were on level 2 of the Dungeon.
You worshipped Trog.
Trog was aware of your devotion.
You were completely stuffed.

You visited 1 branch of the dungeon, and saw 2 of its levels.

You collected 35 gold pieces.

Inventory:

Hand Weapons
 a - a +0 short sword
 l - a +3 dagger (weapon)
Armour
 b - a +0 animal skin (worn)
Jewellery
 h - an amulet of rage (around neck)
 i - a +3 ring of strength (left hand)
Scrolls
 d - 2 scrolls of identify {unknown}
 f - a scroll of enchant armour {unknown}
 j - a scroll of blinking {unknown}
 k - 2 scrolls of immolation {unknown}
 m - a scroll of fog {unknown}
Potions
 g - a potion of magic {unknown}
Comestibles
 c - 2 rations
 n - 5 chunks of flesh


   Skills:
 + Level 3.7 Fighting
 + Level 4.5 Short Blades
 + Level 2.1 Armour
 + Level 3.1 Dodging
 + Level 2.0 Stealth


You had 3 spell levels left.
You didn't know any spells.
Your spell library was empty.

Dungeon Overview and Level Annotations

Branches:
Dungeon (2/15)

Altars:


Innate Abilities, Weirdness & Mutations

You are small and have problems with some larger weapons.
You are carnivorous and can eat meat at any time.


Message History

A red film seems to cover your vision as you go berserk!
You feel yourself moving faster!
You feel mighty!
You feel sick. The gnoll closely misses you.
You are too berserk!
You puncture the gnoll!
You kill the gnoll!
Trog accepts your kill.
Your Stealth skill increases to level 2!
You have reached level 4!
You feel sick.
You feel a strong urge to attack something.
You feel sick.
You feel your anger nearly subside.
You are no longer berserk.
You are exhausted.
You feel yourself slow down.
You feel sick.
The gnoll throws a javelin.
The javelin closely misses you.
You see here a javelin.
You feel sick.
The gnoll throws a javelin.
The javelin hits you!
You die...

.##...........#
........#####.#
.##.#.#.# #.#
#.....#.# #.#
##......# #.#
#.....#.#####.####
.##.#.#........รท.#
# #.##########.##
#. #@.# .. ##(# ##
#.## #g.# ##.##
#..# ##.## #.g#
#########)#


You could see 2 gnolls.

Vanquished Creatures
  A gnoll (D:2)
  An adder (D:2)
  An ooze (D:2)
  A worm (D:2)
  A leopard gecko (D:1)
  5 goblins
  4 hobgoblins (D:1)
  8 jackals
  2 bats (D:1)
  A kobold (D:1)
  A rat (D:1)
26 creatures vanquished.

Notes
Turn   | Place    | Note
-------+----------+-------------------------------------------
     0 | D:1      | Borgoz the Kobold Berserker began the quest for the Orb.
     0 | D:1      | Reached XP level 1. HP: 14/14 MP: 1/1
   353 | D:1      | Reached XP level 2. HP: 12/19 MP: 2/2
   497 | D:1      | Reached skill level 1 in Stealth
  1063 | D:1      | Reached XP level 3. HP: 23/23 MP: 3/3
  1420 | D:2      | Reached XP level 4. HP: 16/29 MP: 4/4
  1427 | D:2      | Hit by a javelin thrown by a gnoll

Levels and vault maps discovered:
D:1:      dpeg_arrival_shrine, layout_loops_ring
D:2:      kennysheep_six_static_rooms, layout_loops_ring,
          lemuel_coloured_pillars_altar

Skill      XL: |  1  2  3 |
---------------+----------+-----
Stealth        | 1 2 |  2.0
Armour         | 2 |  2.1
Dodging        | 3 |  3.1
Fighting       | |  3.7
Short Blades   | |  4.5

Action                   |  1- 3 |  4- 6 || total
-------------------------+-------+-------++-------
Melee: Short sword       |    62 |       ||    62
       Dagger            |    24 |       ||    24
  Use: Potion            |     1 |       ||     1
 Stab: Sleeping          |     4 |       ||     4
  Eat: Chunk             |    10 |       ||    10
Armor: Animal skin       |    16 |       ||    16
Dodge: Dodged            |    53 |     1 ||    54

Table legend:
 A = Non-vault XP
 B = Vault XP
 C = Vault XP percentage of total XP
 D = Non-vault monster count
 E = Vault monster count
 F = Vault count percentage of total count
                 A         B        C        D         E       F
            +---------+---------+-------+---------+---------+-------
      Total |      81 |       0 |   0.0 |      26 |       0 |   0.0
            +---------+---------+-------+---------+---------+-------
        D:1 |      31 |       0 |   0.0 |      17 |       0 |   0.0
        D:2 |      50 |       0 |   0.0 |       9 |       0 |   0.0
            +---------+---------+-------+---------+---------+-------
